 Dungeon Crawl Stone Soup version 0.28-a0-991-g956f0ee3d5 (webtiles) character file.

Game seed: 5473288155080040167

38 vurker the Gusty (level 3, -2/15 HPs)
             Began as a Felid Air Elementalist on Dec 4, 2021.
             Succumbed to Crazy Yiuf's poison
             ... on level 2 of the Dungeon.
             The game lasted 00:01:11 (2064 turns).

vurker the Gusty (Felid Air Elementalist)           Turns: 2064, Time: 00:01:12

Health: -2/15      AC:  1    Str:  4    XL:     3   Next: 25%
Magic:  1/7        EV: 17    Int: 18    God:
Gold:   155        SH:  0    Dex: 16    Spells: 6/7 levels left
                                        Lives:  0   Deaths: 0

rFire   . . .      SeeInvis +   (weapon unavailable)
rCold   . . .      Faith    .   (shield unavailable)
rNeg    . . .      Spirit   .   (armour unavailable)
rPois   .          Reflect  .   (helmet unavailable)
rElec   .          Harm     .   (cloak unavailable)
rCorr   .          Rampage  .   (gloves unavailable)
Will    .....                   (boots unavailable)
Stlth   ++........              (no amulet)
HPRegen 0.05/turn               (no ring)
MPRegen 0.10/turn               (no ring)

@: lethally poisoned (-2 -> -28), quick
A: very small, claws 1, fangs 3, see invisible, speed 1, shaggy fur 1, stealthy
paws, no weapons or thrown items, no armour, multi-lived
a: no special abilities


You were on level 2 of the Dungeon.
You visited 1 branch of the dungeon, and saw 2 of its levels.

You collected 155 gold pieces.

Inventory:

Jewellery
 a - an amulet of regeneration
   (You found it on level 1 of the Dungeon)
Scrolls
 e - a scroll of identify {unknown}
 f - 2 scrolls of teleportation {unknown}
Potions
 b - 2 potions of curing
 c - 2 potions of flight {unknown}
 d - a potion of might {unknown}


   Skills:
 + Level 1.0 Fighting
 - Level 2.6 Dodging
 - Level 2.6 Stealth
 * Level 2.5 Spellcasting
 + Level 1.3 Conjurations
 * Level 3.1 Air Magic


You had 6 spell levels left.
You knew the following spells:

 Your Spells              Type           Power      Damage    Failure   Level
a - Shock                 Conj/Air       40%        1d5       7%          1

Your spell library contained the following spells:

 Spells                   Type           Power      Damage    Failure   Level
 Static Discharge         Conj/Air       10%        N/A       10%         2
 Swiftness                Air            13%        N/A       14%         3
 Airstrike                Air            6%         N/A       43%         4


Dungeon Overview and Level Annotations

Branches:
Dungeon (2/15)

Altars:

Annotations:
D:2 Crazy Yiuf


Innate Abilities, Weirdness & Mutations

You have sharp claws.
You have razor-sharp teeth.
You have supernaturally acute eyesight. (SInv)
You cover ground quickly. (Speed+)
You are covered in fur. (AC +1)
Your paws help you pounce on unaware monsters.
You are incapable of wielding weapons or throwing items.
You cannot wear armour.
You gain extra lives every three experience levels.


Message History

Key pressed, stopping explore.
You can't see any susceptible monsters within range! (Use Z to cast anyway.)
There is an open door here.
Crazy Yiuf shouts!
Could not explore, unopened runed door.
Could not explore, unopened runed door.
Could not explore, unopened runed door.
You open the door.
Crazy Yiuf cries, "Hack sow forty-two!"
There is an escape hatch in the floor here.
Crazy Yiuf says, "Spliff ena tea!"
Aim: Crazy Yiuf, wielding a +2 quarterstaff of chaos and wearing a +2 cloak of poison resistance (72% to hit)
The zap hits Crazy Yiuf.
Aim: Crazy Yiuf, wielding a +2 quarterstaff of chaos and wearing a +2 cloak of poison resistance (lightly wounded, 72% to hit)
The zap hits Crazy Yiuf.
Aim: Crazy Yiuf, wielding a +2 quarterstaff of chaos and wearing a +2 cloak of poison resistance (moderately wounded, 72% to hit)
The zap misses Crazy Yiuf.
The zap hits Crazy Yiuf but does no damage.
Crazy Yiuf screams, "Sif Muna tortoise verde!"
Aim: Crazy Yiuf, wielding a +2 quarterstaff of chaos and wearing a +2 cloak of poison resistance (moderately wounded, 72% to hit)
The zap hits Crazy Yiuf but does no damage.
The zap hits Crazy Yiuf.
Aim: Crazy Yiuf, wielding a +2 quarterstaff of chaos and wearing a +2 cloak of poison resistance (heavily wounded, 72% to hit)
The zap hits Crazy Yiuf. x2; Crazy Yiuf barely misses you.
Crazy Yiuf waves his quarterstaff at you.
Crazy Yiuf yells, "Tosser ladder Hive!"
Crazy Yiuf says, "Goldfish arm verde!"
Aim: Crazy Yiuf, wielding a +2 quarterstaff of chaos and wearing a +2 cloak of poison resistance (severely wounded, 72% to hit)
The zap hits Crazy Yiuf.
The zap hits Crazy Yiuf but does no damage.
Aim: Crazy Yiuf, wielding a +2 quarterstaff of chaos and wearing a +2 cloak of poison resistance (severely wounded, 72% to hit)
The zap hits Crazy Yiuf but does no damage.
The zap hits Crazy Yiuf.
Crazy Yiuf hits you with a +2 quarterstaff of chaos.
You are lethally poisoned!
Unknown command.
Aim: Crazy Yiuf, wielding a +2 quarterstaff of chaos and wearing a +2 cloak of poison resistance (almost dead, 72% to hit)
The zap misses Crazy Yiuf.
The zap hits Crazy Yiuf.
* * * LOW HITPOINT WARNING * * *
You feel very sick. Crazy Yiuf barely misses you.
Unknown command.
Unknown command.
You don't have enough magic to cast this spell.
It was a potion of curing.
You feel better.
Crazy Yiuf hits you with a +2 quarterstaff of chaos!
Ouch! That really hurt!
* * * LOW HITPOINT WARNING * * *
You are lethally poisoned!
You die...

.........................##.....'
.........................##.....#
..#......#...####................
..#......#...###......#..........
..#...................#..........
..#...................####...###.
.......#.......g......# #......#.
.......#..............# #......#.
.......#........@.....# #......#.
#......#..............# #......#.
#......#..............# #......#.
#......#########......# #......#.
#......# ######## #......#.
#......# #......#. #......#
######### #......# ########


You could see Crazy Yiuf.

Vanquished Creatures
  An adder (D:2)
  3 dart slugs
  2 bats
  2 endoplasms
  2 goblins
  3 hobgoblins
  2 quokkas (D:1)
  2 ball pythons (D:2)
  4 frilled lizards
  A kobold (D:1)
  A rat (D:2)
23 creatures vanquished.

Notes
Turn   | Place    | Note
-------+----------+-------------------------------------------
     0 | D:1      | vurker the Felid Air Elementalist began the quest for the
                  | Orb.
     0 | D:1      | Reached XP level 1. HP: 7/7 MP: 4/4
   291 | D:1      | Reached skill level 1 in Conjurations
   499 | D:1      | Reached XP level 2. HP: 12/12 MP: 1/6
   858 | D:1      | Found a faded altar of an unknown god.
  1321 | D:2      | Reached skill level 3 in Air Magic
  1460 | D:2      | Reached XP level 3. HP: 15/15 MP: 2/7
  1716 | D:2      | Reached skill level 1 in Fighting
  1834 | D:2      | Found a runed translucent door.
  1835 | D:2      | Noticed Crazy Yiuf
  2064 | D:2      | Succumbed to Crazy Yiuf's poison

Illustrated notes

Levels and vault maps discovered:
D:1:      lemuel_arrival_cross, layout_basic, hellmonk_ecumenical_altar_lost_god
D:2:      layout_basic, bh_walls_and_bars, uniq_crazy_yiuf_cottage

Skill      XL: |  1  2  3 |
---------------+----------+-----
Conjurations   | 1 |  1.3
Air Magic      | 3 |  3.1
Fighting       | 1 |  1.0
Dodging        | |  2.6
Stealth        | |  2.6
Spellcasting   | |  2.5

Action                   || total
-------------------------++-------
Melee: Unarmed           ||     6
 Cast: Shock             ||    58
  Use: Potion            ||     1
Dodge: Dodged            ||     9

Table legend: (Time is in decaauts)
 A = Elapsed time spent in this place.
 B = Non-inter-level travel time spent in this place.
 C = Inter-level travel time spent in this place.
 D = Time resting spent in this place.
 E = Time spent auto-exploring this place.
 F = Levels seen in this place.
 G = Mean time per level.
                   A        B        C        D        E       F      G
               +--------+--------+--------+--------+--------+-----+--------+
         Total |   1798 |   1754 |     44 |      0 |   1577 |   2 |  899.0 |
       Dungeon |   1798 |   1754 |     44 |      0 |   1577 |   2 |  899.0 |
               +--------+--------+--------+--------+--------+-----+--------+

Top non-repeatable levels by time:
     D:1: 1006 daAuts
     D:2: 792 daAuts
